 Dungeon Crawl Stone Soup version 0.30.1-11-g7821555f0a (webtiles) character file.

Game seed: 4356794207260128444

360 SacredBeard the Grave Robber (level 6, -9/46 HPs)
             Began as a Demonspawn Necromancer on Nov 18, 2023.
             Mangled by an ogre
             ... wielding a +0 giant club
              (14 damage)
             ... on level 4 of the Dungeon.
             The game lasted 00:09:32 (4032 turns).

SacredBeard the Grave Robber (DsNe)                 Turns: 4032, Time: 00:09:32

Health: -9/46      AC:  7    Str:  8    XL:     6   Next: 38%
Magic:  0/9        EV: 12    Int: 19    God:
Gold:   139        SH:  0    Dex: 13    Spells: 8/9 levels left

rFire   . . .        l - +2 dagger (speed)
rCold   . . .        (no shield)
rNeg    . . .        B - +0 leather armour
rPois   .            (helmet restricted)
rElec   .            e - scarf {harm}
rCorr   .            (no gloves)
SInv    .            (no boots)
Will    .....        m - amulet of guardian spirit
Stlth   ++           u - +4 ring of protection
HPRegen 0.27/turn    (no ring)
MPRegen 0.11/turn

%: harm (+30% outgoing, +20% incoming), guardian spirit
@: lethally poisoned (-9 -> -15)
A: antennae 2, sturdy frame 1
a: no special abilities


You were on level 4 of the Dungeon.
You visited 1 branch of the dungeon, and saw 5 of its levels.

You collected 161 gold pieces.
You spent 22 gold pieces at shops.

Inventory:

Hand Weapons
 l - a +2 dagger of speed (weapon)
Missiles
 i - 4 stones
 q - 6 poisoned darts
 w - 2 boomerangs
Armour
 e - a scarf of harm (worn)
 B - a +0 leather armour (worn)
Jewellery
 m - an amulet of guardian spirit (around neck)
 u - a +4 ring of protection (left hand)
Wands
 n - a wand of charming (2)
Scrolls
 a - a scroll of enchant weapon {unknown}
 c - a scroll of brand weapon {unknown}
 f - 2 scrolls of teleportation
 h - a scroll of noise {unknown}
 j - a scroll of acquirement {unknown}
 o - a scroll of amnesia {unknown}
 s - a scroll of immolation {unknown}
 v - 2 scrolls of fear {unknown}
 x - a scroll of identify
Potions
 b - 3 potions of magic
 d - a potion of cancellation
 g - a potion of haste {unknown}
 k - 2 potions of curing {unknown}
 p - a potion of degeneration {unknown}
 r - 2 potions of lignification {unknown}
 t - a potion of mutation {unknown}
 z - a potion of berserk rage {unknown}
 A - a potion of flight {unknown}


   Skills:
 + Level 2.5 Fighting
 + Level 1.8 Throwing
 - Level 2.0 Armour
 - Level 2.0 Dodging
 - Level 3.0 Stealth
 - Level 2.0 Spellcasting
 * Level 6.2 Necromancy


You had 8 spell levels left.
You knew the following spells:

 Your Spells              Type           Power      Damage    Failure   Level
a - Necrotise             Necr           100%       1d9       1%          1

Your spell library contained the following spells:

 Spells                   Type           Power      Damage    Failure   Level
 Vampiric Draining        Necr           25%        2d7       4%          3
 Animate Dead             Necr           25%        N/A       14%         4
 Agony                    Necr           25%        N/A       36%         5


Dungeon Overview and Level Annotations

Branches:
Dungeon (5/15) Zot: 25950
 Temple: D:4-7

Altars:
Xom

Shops:
D:2 *:![*

Annotations:
D:5 Menkaure


Innate Abilities, Weirdness & Mutations

You have a pair of antennae on your head.
Your movements are slightly less encumbered by armour. (ER -2)


Message History

You kill the hound!
The dead are walking!
The scorpion stings you.
The scorpion writhes in agony.
The scorpion closely misses you.
Your hound skeleton bites the scorpion but does no damage.
The scorpion stings you but does no damage.
The ogre barely misses you.
Your hound skeleton bites the scorpion but does no damage.
The scorpion stings you.
You climb upwards.
Your mindless puppet stays behind to rot.
There is a stone staircase leading down here.
Casting: Necrotise (safe; 1% risk of failure)
Confirm with . or Enter, or press ? or * to list all spells.
Aiming: Necrotise (safe; 1% risk of failure)
Press: ? - help, Shift-Dir - straight line, f - scorpion
Aim: a scorpion (lightly wounded, chance to affect: 83%)
The scorpion writhes in agony.
The ogre hits you with a +0 giant club!!
Ouch! That really hurt!
* * * LOW HITPOINT WARNING * * *
The scorpion barely misses you.
Your magical contamination has completely faded away.
Casting: Necrotise (safe; 1% risk of failure)
Confirm with . or Enter, or press ? or * to list all spells.
You don't have enough magic to cast this spell.
Unknown command.
As you read the scroll labelled MYOMAE LEFOECEQUE, it crumbles to dust.
You feel strangely unstable.
It was a scroll of teleportation.
The scorpion stings you.
* * * LOW HITPOINT WARNING * * *
You are lethally poisoned!
The scorpion poisons you!
* * * LOW HITPOINT WARNING * * *
You feel very sick.
You feel strangely stable.
You feel magically purged.
* * * LOW HITPOINT WARNING * * *
You feel very sick. The ogre hits you with a +0 giant club!
You die...

#.....##...##....########..##..##
..##'###...##....###..###..##..##
..#..............#..............#
..#..............#..............#
..#..............#..............#
..##'###...##....#..............#
###...#######....#..............#
.................#..............#
...............s@#...............
...........##..>O####.##.####....
##....##...##....#######.########
##....###'###...................#
#.....#.....#...................#
#.....#.....#...................#
#.....'.....#...................#
##....#.....#...................#
######.....#...................#


You could see an ogre and a scorpion.

Vanquished Creatures
  A kobold brigand (D:3)
  3 hounds
  Jessica (D:2)
  An orc wizard (D:5)
  A sleepcap (D:4)
  Robin (D:3)
  An adder (D:4)
  A shadow imp (D:4)
  2 worms
  A dart slug (D:2)
  4 orcs
  4 ball pythons
  5 bats
  6 endoplasms
  3 giant cockroaches
  19 goblins
  4 hobgoblins
  6 jackals (D:1)
  2 quokkas
  2 frilled lizards
  4 kobolds
  6 rats
78 creatures vanquished.

Vanquished Creatures (collateral kills)
  A bat (D:1)
  An endoplasm (D:1)
  A frilled lizard (D:1)
3 creatures vanquished.

Grand Total: 81 creatures vanquished

Notes
Turn   | Place    | Note
-------+----------+-------------------------------------------
     0 | D:1      | SacredBeard the Demonspawn Necromancer began the quest for
                  | the Orb.
     0 | D:1      | Reached XP level 1. HP: 13/13 MP: 3/3
   271 | D:1      | Gained mutation: You have a pair of small antennae on your
                  | head. [demonic ancestry]
   271 | D:1      | Reached XP level 2. HP: 20/20 MP: 3/5
   745 | D:1      | Reached skill level 1 in Fighting
   745 | D:1      | Reached XP level 3. HP: 24/26 MP: 0/6
  1352 | D:2      | Found Ufuering's General Store.
  1356 | D:2      | Bought a scroll of identify for 22 gold pieces
  1365 | D:2      | Found Niwuxkot's Armour Emporium.
  1380 | D:2      | Found Ecuhi's Book Boutique.
  1396 | D:2      | Noticed Jessica
  1400 | D:2      | Killed Jessica
  1401 | D:2      | Reached skill level 1 in Armour
  1401 | D:2      | Reached skill level 5 in Necromancy
  1552 | D:2      | Gained mutation: You have a pair of antennae on your head.
                  | [demonic ancestry]
  1552 | D:2      | Reached XP level 4. HP: 32/32 MP: 5/7
  1581 | D:2      | Found Gockir's Assorted Antiques.
  1694 | D:2      | Found Kotemm's Distillery.
  2139 | D:3      | Noticed a kobold brigand
  2145 | D:3      | Killed a kobold brigand
  2146 | D:3      | Reached skill level 1 in Throwing
  2146 | D:3      | Reached XP level 5. HP: 33/38 MP: 1/8
  2411 | D:3      | Noticed Robin
  2609 | D:3      | Killed Robin
  2888 | D:3      | Noticed a phantom
  3570 | D:4      | Gained mutation: Your movements are slightly less
                  | encumbered by armour. (ER -2) [demonic ancestry]
  3570 | D:4      | Reached XP level 6. HP: 37/44 MP: 7/9
  3677 | D:4      | Found a shimmering altar of Xom.
  3862 | D:5      | Entered Level 5 of the Dungeon
  3873 | D:5      | Reached skill level 6 in Necromancy
  3877 | D:5      | Noticed Menkaure
  4032 | D:4      | Mangled by an ogre

Illustrated notes

Levels and vault maps discovered:
D:1:      lightli_arrival_farm, layout_loops_corners
D:2:      layout_rooms, serial_shops, shop, shop, shop, nicolae_shop_stone,
          shop, ebering_dispersal_statue_hall, kennysheep_generic_room_6,
          uniq_jessica
D:3:      minmay_angry_zag, layout_loops_cross, serial_glass, glass_columns_a,
          glass_columns_c, kennysheep_generic_room_14, uniq_robin
D:4:      layout_gridville, lemuel_crystal_altar
D:5:      layout_gridville, fedhas_altar_4, mainiacjoe_overflow_swirl,
          kennysheep_potato, uniq_menkaure

Skill      XL: |  1  2  3  4  5  6 |
---------------+-------------------+-----
Stealth        | 2 3 |  3.0
Dodging        | 2 |  2.0
Fighting       | 1 2 |  2.5
Armour         | 1 2 |  2.0
Necromancy     | 5 6 |  6.2
Throwing       | 1 |  1.8
Spellcasting   | |  2.0

Action                     |  1- 3 |  4- 6 || total
---------------------------+-------+-------++-------
  Melee: Club              |    14 |       ||    14
         Dagger            |     5 |    25 ||    30
  Throw: Stone             |       |     2 ||     2
   Cast: Necrotise         |    51 |    94 ||   145
    Use: Scroll            |     1 |     1 ||     2
         Potion            |       |     1 ||     1
 Armour: Robe              |     5 |    15 ||    20
         Leather armour    |       |     1 ||     1
  Dodge: Dodged            |    18 |    53 ||    71
